 Seeded DCSS version 0.32-a0-953-g508020473e (webtiles) character file.

Game seed: 202404161 (custom seed)

254 Orlauf the Chopper (level 5, -3/42 HPs)
             Began as a Demonspawn Gladiator on Apr 16, 2024.
             Slain by a gnoll
             ... wielding a +0 whip
              (7 damage)
             ... on level 3 of the Dungeon.
             The game lasted 00:02:06 (2177 turns).

Orlauf the Chopper (Demonspawn Gladiator)           Turns: 2177, Time: 00:02:06

Health: -3/42      AC:  7    Str: 16    XL:     5   Next: 90%
Magic:  14/14      EV:  9    Int:  8    God:
Gold:   190        SH:  0    Dex: 15    Spells: 4/4 levels left

rFire   . . .        a - +0 war axe
rCold   + . .        (no shield)
rNeg    . . .        h - +0 scale mail
rPois   .            c - +0 helmet
rElec   .            (no cloak)
rCorr   .            (no gloves)
SInv    .            (no boots)
Will    .....        (no amulet) Stlth
                     i - ring of protection from cold
HPRegen 0.27/turn    b - ring of magical power
MPRegen 0.14/turn

%: no passive effects
@: on fire, glowing
A: powered by death 2
a: no special abilities


You were on level 3 of the Dungeon.
You visited 1 branch of the dungeon, and saw 3 of its levels.

You collected 190 gold pieces.

Inventory:

Hand Weapons
 a - a +0 war axe (weapon)
 m - a +0 battleaxe
Missiles
 d - 2 throwing nets (quivered)
 e - a javelin
Armour
 c - a +0 helmet (worn)
 h - a +0 scale mail (worn)
Jewellery
 b - a ring of magical power (right hand)
 i - a ring of protection from cold (left hand)
Scrolls
 f - a scroll of teleportation
Potions
 g - a potion of mutation {unknown}
 j - 2 potions of ambrosia
 l - a potion of brilliance {unknown}
 o - a potion of haste
 p - a potion of might {unknown}


   Skills:
 + Level 3.9 Fighting
 * Level 5.2 Axes
 - Level 1.7 Throwing
 - Level 2.6 Dodging


You had 4 spell levels left.
You didn't know any spells.
Your spell library contained the following spells:

 Spells                   Type           Power      Damage    Failure   Level
 Call Imp                 Summ           0%         N/A       94%         2
 Sublimation of Blood     Necr           0%         N/A       94%         2
 Frozen Ramparts          Ice            0%         1d1       99%         3
 Ozocubu's Armour         Ice            0%         N/A       99%         3
 Metabolic Englaciation   Hex/Ice        0%         N/A       100%        5
 Conjure Ball Lightning   Conj/Air       0%         3x3d6     100%        6
 Summon Hydra             Summ           0%         N/A       100%        7
 Discord                  Hex            0%         N/A       100%        8
 Disjunction              Tloc           0%         N/A       100%        8


Dungeon Overview and Level Annotations

Branches:
Dungeon (3/15)

Altars:
Sif Muna


Innate Abilities, Weirdness & Mutations

You regenerate health from kills.


Message History

The bombardier beetle bites you but does no damage.
You closely miss the bombardier beetle.
The bombardier beetle is heavily wounded.
An orc comes into view. It is wielding a +0 short sword.
You hit the bombardier beetle but do no damage.
The bombardier beetle is heavily wounded.
The bombardier beetle sprays incendiary fluid at you.
The burning spray misses you.
You hit the bombardier beetle.
The bombardier beetle is almost dead.
The bombardier beetle sprays incendiary fluid at you.
The burning spray hits you.
You are covered in liquid fire!
You hit the bombardier beetle.
You kill the bombardier beetle!
The liquid fire burns you!
Your Axes skill increases to level 5!
You hit the gnoll.
The gnoll is heavily wounded.
The liquid fire burns you! The gnoll hits you with a +0 whip.
You hit the gnoll.
You kill the gnoll!
The liquid fire burns you!
An orc comes into view. It is wielding a +0 hand axe.
The gnoll barely misses you.
The orc moves out of view.
You closely miss the gnoll. The liquid fire burns you!
The gnoll hits you with a +0 whip.
You hit the gnoll.
The gnoll is moderately wounded.
The liquid fire burns you! The gnoll hits you with a +0 whip.
* * * LOW HITPOINT WARNING * * *
You hit the gnoll.
The gnoll is severely wounded.
The liquid fire burns you!
* * * LOW HITPOINT WARNING * * *
The gnoll barely misses you. The gnoll hits you with a +0 whip!
You die...

#... # #..#
##.#..# ..#..#
....# ##..# #..
#...####ooo.. #
#.[..@ggo# .##
#...####go... #
... ###.# #..
#.##.# #.#
#.#...###.# #
#..#.#.##.#####.#
#..#............#
#...##†##.....###
#. #<.#######.#


You could see 2 gnolls, 5 orcs and a goblin.

Vanquished Creatures
  Sigmund (D:2)
  A bombardier beetle (D:3)
  A gnoll (D:3)
  An adder (D:1)
  3 ribbon worms (D:2)
  2 ball pythons (D:2)
  A bat (D:2)
  3 endoplasms
  2 giant cockroaches
  A goblin (D:2)
  3 hobgoblins
  4 jackals (D:1)
  3 quokkas (D:2)
  5 frilled lizards
  2 rats
33 creatures vanquished.

Notes
Turn   | Place    | Note
-------+----------+-------------------------------------------
     0 | D:1      | Orlauf the Demonspawn Gladiator began the quest for the
                  | Orb.
     0 | D:1      | Reached XP level 1. HP: 16/16 MP: 1/1
   605 | D:1      | Reached skill level 3 in Axes
   609 | D:1      | Gained mutation: You regenerate a little health from kills.
                  | [demonic ancestry]
   609 | D:1      | Reached XP level 2. HP: 21/22 MP: 2/2
  1205 | D:2      | Noticed Sigmund
  1258 | D:2      | Killed Sigmund
  1259 | D:2      | Reached skill level 4 in Axes
  1259 | D:2      | Reached XP level 3. HP: 13/29 MP: 3/3
  1259 | D:2      | Gained mutation: You regenerate health from kills. [demonic
                  | ancestry]
  1259 | D:2      | Reached XP level 4. HP: 16/36 MP: 4/4
  1259 | D:2      | Reached XP level 5. HP: 19/41 MP: 5/5
  1342 | D:2      | Found a faded altar of an unknown god.
  1508 | D:2      | Found a shimmering blue altar of Sif Muna.
  2173 | D:3      | Reached skill level 5 in Axes
  2177 | D:3      | Slain by a gnoll

Illustrated notes

Levels and vault maps discovered:
D:1:      nzn_arrival_water_spiral, layout_basic,
          hangedman_decor_clover_reticule
D:2:      layout_loops_cross, shapermc_ecumenical_altar_acropolis, basic_altar,
          minmay_joined_circles, uniq_sigmund
D:3:      layout_loops_ring, minmay_misc_feat_cross, reono_crystal_passage

Skill      XL: |  1  2  3  4  5 |
---------------+----------------+-----
Axes           | 3 4 5 |  5.2
Fighting       | 3 |  3.9
Throwing       | |  1.7
Dodging        | |  2.6

Action                     |  1- 3 |  4- 6 || total
---------------------------+-------+-------++-------
  Melee: War axe           |    41 |    69 ||   110
  Throw: Throwing net      |     1 |       ||     1
    Use: Scroll            |       |     6 ||     6
   Stab: Sleeping          |     1 |       ||     1
         Held in net/web   |     1 |       ||     1
 Armour: Scale mail        |    40 |    46 ||    86
         Leather armour    |     1 |       ||     1
  Dodge: Dodged            |    19 |    31 ||    50

Table legend: (Time is in decaauts)
 A = Elapsed time spent in this place.
 B = Non-inter-level travel time spent in this place.
 C = Inter-level travel time spent in this place.
 D = Time resting spent in this place.
 E = Time spent auto-exploring this place.
 F = Levels seen in this place.
 G = Mean time per level.
                   A        B        C        D        E       F      G
               +--------+--------+--------+--------+--------+-----+--------+
         Total |   2208 |   2194 |     14 |    219 |   1664 |   3 |  736.0 |
       Dungeon |   2208 |   2194 |     14 |    219 |   1664 |   3 |  736.0 |
               +--------+--------+--------+--------+--------+-----+--------+

Top non-repeatable levels by time:
     D:1: 1158 daAuts
     D:2: 1004 daAuts
     D:3: 45 daAuts
